 Dungeon Crawl Stone Soup version 0.29.1-12-g30fa7ad0bf (webtiles) character file.

Game seed: 258752885323923003

2 Descartes the Gusty (level 1, -2/10 HPs)
             Began as a Deep Elf Air Elementalist on Jan 2, 2023.
             Slain by a hobgoblin (4 damage)
             ... on level 1 of the Dungeon.
             The game lasted 00:00:52 (43 turns).

Descartes the Gusty (Deep Elf Air Elementalist)       Turns: 43, Time: 00:00:53

Health: -2/10      AC:  3    Str:  5    XL:     1   Next: 33%
Magic:  1/6        EV: 11    Int: 19    God:
Gold:   0          SH:  0    Dex: 15    Spells: 5/6 levels left

rFire   . . .      SeeInvis .   (no weapon)
rCold   . . .      Faith    .   (no shield)
rNeg    . . .      Spirit   .   c - +0 leather armour
rPois   .          Reflect  .   (no helmet)
rElec   .          Harm     .   (no cloak)
rCorr   .          Rampage  .   (no gloves)
Will    .....                   (no boots)
Stlth   ++........              (no amulet)
HPRegen 0.03/turn               (no ring)
MPRegen 0.10/turn               (no ring)

@: no status effects
A: no striking features
a: no special abilities


You were on level 1 of the Dungeon.
You visited 1 branch of the dungeon, and saw 1 of its levels.

Inventory:

Armour
 a - a +0 robe
 c - a +0 leather armour (worn)
Potions
 b - a potion of magic


   Skills:
 + Level 0.0 Staves
 + Level 2.4 Dodging
 + Level 2.5 Stealth
 + Level 3.0 Spellcasting
 + Level 1.1 Conjurations
 + Level 3.0 Air Magic
 + Level 0.2 Evocations


You had 5 spell levels left.
You knew the following spells:

 Your Spells              Type           Power      Damage    Failure   Level
a - Shock                 Conj/Air       40%        1d5       11%         1

Your spell library contained the following spells:

 Spells                   Type           Power      Damage    Failure   Level
 Static Discharge         Conj/Air       10%        3-5/arc   16%         2
 Swiftness                Air            14%        N/A       22%         3
 Airstrike                Air            7%         2d(1-17)  58%         4


Dungeon Overview and Level Annotations

Branches:
Dungeon (1/15)

Altars:


Message History

The goblin is moderately wounded.
The goblin hits you with a +0 dagger. The goblin attacks as you move away!
The goblin closely misses you.
Found a stone staircase leading down.
The goblin attacks as you move away! The goblin misses you.
A giant cockroach comes into view.
Found a stone staircase leading down.
A goblin comes into view. It is wielding a +0 dagger.
The goblin shouts!
Found 2 pink potions.
Found a cloak.
The giant cockroach bites you. The goblin attacks as you move away!
The goblin hits you but does no damage.
A kobold and a bat come into view.
The kobold shouts!
Found a scroll labelled BOMYENAELOI.
The bat hits you but does no damage. The giant cockroach bites you.
The goblin attacks as you move away! The goblin closely misses you.
The bat barely misses you.
The kobold throws a stone.
The stone closely misses you.
The giant cockroach attacks as you move away!
The giant cockroach misses you.
A hobgoblin comes into view.
The hobgoblin shouts!
The bat barely misses you.
The giant cockroach attacks as you move away!
The giant cockroach closely misses you. The kobold hits you but does no damage.
The giant cockroach bites you but does no damage.
The bat hits you but does no damage. The bat attacks as you move away!
The bat closely misses you. The bat barely misses you.
The bat closely misses you. The kobold hits you with a +0 club.
The bat attacks as you move away! The bat barely misses you.
The kobold attacks as you move away! The kobold hits you with a +0 club.
* * * LOW HITPOINT WARNING * * *
The hobgoblin hits you but does no damage.
The kobold throws a stone.
The stone closely misses you. The bat barely misses you.
The bat attacks as you move away! The bat hits you but does no damage.
The bat closely misses you. The hobgoblin hits you.
You die...

#####.............
#..##..........>..
#..#####..........
#..#####.......#..
#................!
#.............>#.#
#.gK.g.....##### #
#....B.....#
#...b@.....#
#...g......#
#..........#
#####?###### #.#
#.# ... ...


You could see a giant cockroach, a hobgoblin, 2 goblins, a bat and a kobold.

Vanquished Creatures
  A hobgoblin (D:1)
  A frilled lizard (D:1)
  A rat (D:1)
3 creatures vanquished.

Notes
Turn   | Place    | Note
-------+----------+-------------------------------------------
     0 | D:1      | Descartes the Deep Elf Air Elementalist began the quest for
                  | the Orb.
     0 | D:1      | Reached XP level 1. HP: 10/10 MP: 6/6
    43 | D:1      | Slain by a hobgoblin

Illustrated notes

Levels and vault maps discovered:
D:1:      mrwooster_arrival_statue, layout_rooms, minmay_octomino_c4

Action                   || total
-------------------------++-------
 Cast: Shock             ||     7
Armor: Leather armour    ||     8
Dodge: Dodged            ||    16
